 Dungeon Crawl Stone Soup version 0.19.1 (webtiles) character file.

1395 Gargoyl the Chopper (level 8, -1/68 HPs)
             Began as a Ghoul Abyssal Knight on Dec 8, 2016.
             Was a Priest of Lugonu.
             Slain by a centaur (5 damage)
             ... on level 7 of the Dungeon.
             The game lasted 00:13:56 (6631 turns).

Gargoyl the Chopper (Ghoul Abyssal Knight)          Turns: 6631, Time: 00:13:56

Health: -1/68      AC: 20    Str: 16    XL:     8   Next: 68%
Magic:  10/10      EV:  5    Int:  7    God:    Lugonu [***...]
Gold:   408        SH:  0    Dex: 10    Spells: 0 memorised, 7 levels left

rFire  . . .     SeeInvis .     q - +0 war axe
rCold  + . .     Gourm    .     x - +0 plate armour
rNeg   + + +     Faith    .     (no shield)
rPois  ∞         Spirit   .     e - +1 helmet
rElec  .         Reflect  .     v - +2 cloak
rCorr  .         Harm     .     (no gloves)
MR     .....                    d - +1 pair of boots
Stlth  ..........               (no amulet)
                                (no ring)
                                (no ring)

@: rotting
A: rotting body, claws 1, carnivore 3, cold resistance 1, negative energy
resistance 3, slow regeneration 1, torment resistance, unbreathing
a: Depart the Abyss, Bend Space, Banish, Renounce Religion


You were on level 7 of the Dungeon.
You worshipped Lugonu.
Lugonu was most pleased with you.
You were not hungry.

You visited 1 branch of the dungeon, and saw 7 of its levels.
You visited the Abyss 1 time.

You collected 462 gold pieces.
You spent 54 gold pieces at shops.

Inventory:

Hand Weapons
 a - a +1 hand axe
 q - a +0 war axe (weapon)
 u - a +1 falchion of flaming
Missiles
 A - 5 tomahawks (quivered)
Armour
 d - a +1 pair of boots (worn)
 e - a +1 helmet (worn)
 v - a +2 cloak (worn)
 x - a +0 plate armour (worn)
Wands
 y - a wand of teleportation (0/9)
Scrolls
 f - a scroll of teleportation
 l - 2 scrolls of remove curse
 p - a scroll of enchant armour
 t - a scroll of fear
Potions
 b - a potion of degeneration {unknown}
 g - 3 potions of might
 h - a potion of berserk rage {unknown}
 i - a potion of flight
 j - a potion of agility
 k - a potion of ambrosia
 m - a potion of invisibility
 r - a potion of cancellation
 s - a potion of curing
Comestibles
 c - 5 meat rations
 n - 4 beef jerkies
 o - 3 chunks of flesh
 z - a royal jelly


   Skills:
 + Level 5.3 Fighting
 + Level 6.0 Axes
 * Level 5.6 Armour
 + Level 1.5 Dodging
 * Level 4.6 Invocations


You had 7 spell levels left.
You didn't know any spells.

Dungeon Overview and Level Annotations

Branches:
Dungeon (7/15)             Temple (0/1) D:4

Altars:
Ashenzari
Elyvilon
Kikubaaqudgha
Okawaru
Qazlal
Ru
Sif Muna
Vehumet
Zin
The Shining One

Shops:
D:4 *


Innate Abilities, Weirdness & Mutations

Your body is rotting away.
You thrive on raw meat.
You are immune to poison.
You have sharp fingernails.
You are carnivorous and can eat meat at any time.
Your flesh is cold resistant. (rC+)
You are immune to negative energy. (rN+++)
You regenerate slowly when monsters are visible.
You are immune to unholy pain and torment.
You can survive without breathing.


Message History

The orc warrior hits you with a flail of crushing.
Unknown command.
You slash the centaur!
The centaur is severely wounded.
You completely miss the orc warrior.
The centaur drinks a potion.
The centaur is healed!
The centaur hits you but does no damage.
The orc warrior hits you with a flail of crushing!
* * * LOW HITPOINT WARNING * * *
x2 You hit the centaur.
The centaur is lightly wounded.
You hit the orc warrior but do no damage.
The centaur hits you but does no damage. x2
The orc warrior hits you with a flail of crushing!
* * * LOW HITPOINT WARNING * * *
x2 Unknown command.
You slash the centaur!
The centaur is moderately wounded.
You hit the orc warrior. The centaur hits you.
You die...

........##[.#..#
.............<#
#.....(..)## .
#..####..(### .. #.
##.(..## ..
#.#####..)...####.#
........(...(....#
.......(((.((o...##
....###.##..@.....#
.... #..####c.#...#
... ..... .........
.. #...##
#......... #...
#........# #...
##........ ...#
#.....##. #.....#


You could see an orc warrior and a centaur.

Vanquished Creatures
  Eustachio (D:6)
  Menkaure (D:5)
  An ice beast (D:5)
  2 centaurs (D:6)
  A big kobold (D:6)
  3 bullfrogs
  A killer bee (D:6)
  A scorpion (D:4)
  2 crimson imps (D:6)
  2 hounds
  A jelly (D:6)
  An orc wizard (D:6)
  An orc priest (D:5)
  An iguana (D:6)
  A worker ant (D:6)
  A hound skeleton (D:4)
  A worker ant zombie (D:5)
  3 gnolls (D:4)
  8 adders
  2 oozes
  An adder skeleton (D:4)
  10 dart slugs
  4 leopard geckos
  16 orcs
  A ball python (D:3)
  6 bats
  3 giant cockroaches
  3 goblins
  6 hobgoblins
  20 kobolds
  A quokka (D:2)
  7 frilled lizards
  A quokka skeleton (D:7)
  7 rats
121 creatures vanquished.

Notes
Turn   | Place    | Note
-------+----------+-------------------------------------------
     0 | Abyss:1  | Gargoyl the Ghoul Abyssal Knight began the quest for the Orb.
     0 | Abyss:1  | Reached XP level 1. HP: 19/19 MP: 1/1
    61 | Abyss:1  | Noticed a sixfirhy
    80 | Abyss:1  | Noticed a hell hog
    93 | Abyss:1  | Noticed an eye of draining
   113 | Abyss:1  | Noticed an apocalypse crab
   127 | D:1      | Escaped the Abyss
   410 | D:1      | Reached XP level 2. HP: 26/26 MP: 2/2
  1305 | D:2      | Found an ancient bone altar of Kikubaaqudgha.
  1306 | D:2      | Found a glowing silver altar of Zin.
  1314 | D:2      | Reached skill level 2 in Axes
  1314 | D:2      | Reached XP level 3. HP: 32/33 MP: 3/3
  1352 | D:2      | Reached * piety under Lugonu
  1476 | D:2      | Reached skill level 1 in Dodging
  1639 | D:2      | Found a shattered altar of Ashenzari.
  1640 | D:2      | Found a radiant altar of Vehumet.
  1894 | D:2      | Reached XP level 4. HP: 34/40 MP: 4/4
  1974 | D:2      | Found a glowing golden altar of the Shining One.
  1980 | D:2      | Found a white marble altar of Elyvilon.
  1981 | D:2      | Found a deep blue altar of Sif Muna.
  2137 | D:3      | Noticed a bullfrog
  2143 | D:3      | Killed a bullfrog
  2143 | D:3      | Reached XP level 5. HP: 34/46 MP: 2/5
  2437 | D:3      | Reached skill level 3 in Axes
  2572 | D:3      | Reached ** piety under Lugonu
  2836 | D:4      | Found an iron altar of Okawaru.
  2898 | D:4      | Found Rudiar's General Store.
  2902 | D:4      | Bought a +0 chain mail for 54 gold pieces
  2986 | D:4      | Reached XP level 6. HP: 46/52 MP: 5/7
  3206 | D:4      | Found a staircase to the Ecumenical Temple.
  3488 | D:5      | Entered Level 5 of the Dungeon
  3520 | D:5      | Noticed an ice beast
  3545 | D:5      | Killed an ice beast
  3545 | D:5      | Reached skill level 4 in Axes
  3768 | D:5      | Noticed Menkaure
  3775 | D:5      | Killed Menkaure
  3775 | D:5      | Reached XP level 7. HP: 34/60 MP: 4/8
  4204 | D:5      | Found a sacrificial altar of Ru.
  5533 | D:6      | Noticed Eustachio
  5578 | D:6      | Killed Eustachio
  5578 | D:6      | Reached skill level 5 in Fighting
  5578 | D:6      | Reached skill level 5 in Axes
  5578 | D:6      | Reached XP level 8. HP: 55/68 MP: 10/10
  5635 | D:6      | Found a stormy altar of Qazlal.
  5835 | D:6      | Reached skill level 5 in Armour
  6509 | D:6      | Reached *** piety under Lugonu
  6525 | D:6      | Reached skill level 6 in Axes
  6631 | D:7      | Slain by a centaur

Skill      XL: |  1  2  3  4  5  6  7  8 |
---------------+-------------------------+-----
Armour         | 2 3 4 5 |  5.6
Axes           | 2 3 4 5 6 |  6.0
Dodging        | 1 |  1.5
Fighting       | 4 5 |  5.3
Invocations    | 3 4 |  4.6

Action                   |  1- 3 |  4- 6 |  7- 9 || total
-------------------------+-------+-------+-------++-------
Melee: Hand axe          |    92 |       |       ||    92
       War axe           |     9 |   195 |   317 ||   521
Throw: Tomahawk          |       |       |     1 ||     1
Invok: Depart the Abyss  |     1 |       |       ||     1
Evoke: Wand              |       |       |     2 ||     2
  Use: Scroll            |     1 |     8 |    14 ||    23
       Potion            |       |       |     1 ||     1
  Eat: Chunk             |    12 |    13 |    18 ||    43
Armor: Scale mail        |    70 |   121 |       ||   191
       Chain mail        |       |    68 |     5 ||    73
       Plate armour      |       |       |   363 ||   363
Dodge: Dodged            |    69 |   101 |   112 ||   282
